 Dungeon Crawl Stone Soup version 0.28-a0-643-g84cb2ea78e (webtiles) character file.

Game seed: 3740184575736857103

4762 dracfodder the Basher (level 10, -3/60 HPs)
             Began as a Gargoyle Berserker on Oct 10, 2021.
             Was an Elder of Trog.
             Slain by a komodo dragon (14 damage)
             ... on level 9 of the Dungeon.
             The game lasted 00:48:34 (8723 turns).

dracfodder the Basher (Gargoyle Berserker)          Turns: 8723, Time: 00:48:34

Health: -3/60      AC: 16    Str: 24    XL:     10   Next: 47%
Magic:  0/10       EV: 16    Int:  8    God:    Trog [****..]
Gold:   402        SH:  6    Dex:  9    Spells: 9/9 levels left

rFire   . . .      SeeInvis .   a - +1 mace
rCold   . . .      Faith    .   m - +2 buckler
rNeg    + . .      Spirit   +   k - +1 ring mail
rPois   ∞          Reflect  .   (no helmet)
rElec   +          Harm     .   (no cloak)
rCorr   .          Rampage  .   (no gloves)
Will    .....                   (no boots)
Stlth   +.........              g - amulet of guardian spirit
HPRegen 0.20/turn               f - +4 ring of evasion
MPRegen 0.12/turn               (no ring)

@: no status effects
A: sickness immunity, AC +7, negative energy resistance 1, electricity
resistance, torment resistance 1, petrification resistance, claws 1, iridescent
scales 1, noise suppression
a: Renounce Religion, Berserk, Trog's Hand, Brothers in Arms


You were on level 9 of the Dungeon.
You worshipped Trog.
Trog was greatly pleased with you.
You visited 2 branches of the dungeon, and saw 11 of its levels.
You also visited: Sewer.

You collected 402 gold pieces.

Inventory:

Hand Weapons
 a - a +1 mace (weapon)
 b - a +0 hunting sling
 u - a +0 shortbow
Missiles
 h - 139 stones (quivered)
 i - 143 arrows
 j - 9 boomerangs
 o - 38 poisoned darts
 r - a silver boomerang
 s - 22 bolts
 t - 5 boomerangs of dispersal
 v - 49 sling bullets
Armour
 k - a +1 ring mail (worn)
 m - a +2 buckler (worn)
Jewellery
 f - a +4 ring of evasion (left claw)
 g - an amulet of guardian spirit (around neck)
Wands
 d - a wand of digging (7)
 l - a wand of flame (54)
Scrolls
 n - 3 scrolls of magic mapping
 z - 2 scrolls of identify
 A - a scroll of blinking
Potions
 c - 4 potions of curing
 e - a potion of heal wounds
 p - a potion of ambrosia
 q - a potion of flight
 w - a potion of resistance
 x - a potion of might {unknown}


   Skills:
 + Level 6.1 Fighting
 * Level 11.5 Maces & Flails
 + Level 1.0(1.8) Slings
 + Level 2.2(2.3) Throwing
 + Level 5.9 Armour
 + Level 4.5 Dodging
 + Level 1.7 Stealth
 + Level 4.1 Shields
 + Level 0.1 Evocations


You had 9 spell levels left.
You didn't know any spells.
Your spell library was empty.

Dungeon Overview and Level Annotations

Branches:
Dungeon (10/15)            Temple (1/1) D:5           Sewer (visited)
   Lair: D:8-11         Orc: D:9-12

Altars:
Ashenzari
Dithmenos
Gozag
Hepliaklqana
Kikubaaqudgha
Makhleb
Nemelex Xobeh
Okawaru
Qazlal
Ru
Trog
Uskayaw
Vehumet
Wu Jian
Xom
Yredelemnul
Zin
The Shining One
Jiyva


Innate Abilities, Weirdness & Mutations

You are immune to sickness and miasma.
Your stone body is resilient. (AC +7)
You are immune to poison.
You resist negative energy. (rN+)
You are resistant to electric shocks. (rElec)
You are resistant to unholy torment.
You are immune to petrification.
You have sharp fingernails.
You are partially covered in iridescent scales. (AC +2)
You passively dampen the noise of your surroundings.


Message History

A komodo dragon comes into view.
The komodo dragon hisses angrily.
A basilisk comes into view.
The basilisk hisses angrily.
The basilisk gazes at you.
You are unaffected.
The basilisk gazes at you. You resist with some effort.
Things that are here:
a +0 shortbow; a centaur corpse The basilisk hisses menacingly.
You hit the komodo dragon.
The komodo dragon is lightly wounded.
The komodo dragon completely misses you.
You completely miss the komodo dragon.
The komodo dragon is lightly wounded.
The komodo dragon bites you but does no damage.
You hit the komodo dragon but do no damage.
You barely miss the komodo dragon. The komodo dragon bites you!!
You hit the komodo dragon but do no damage.
The komodo dragon closely misses you.
You hit the komodo dragon.
The komodo dragon is lightly wounded.
The komodo dragon closely misses you.
You hit the komodo dragon.
The komodo dragon is moderately wounded.
The komodo dragon barely misses you.
You hit the komodo dragon but do no damage.
The komodo dragon is moderately wounded.
The komodo dragon bites you!
You thump the komodo dragon!
The komodo dragon is moderately wounded.
The komodo dragon bites you!!
* * * LOW HITPOINT WARNING * * *
You thump the komodo dragon!
The komodo dragon is heavily wounded.
You hit the komodo dragon.
The komodo dragon is heavily wounded.
The komodo dragon bites you!
You die...

##### #.... #.... #.... # #####
#.... #. ####†..#######....
..##### ## ###@..###...........
......####.###ll#####..######....
........###....## #### #####
#.###..)......## # #. #####.###.#
# ####################### ######
.........##!...'......# ......
.........'..####......+ ......
.........#### #......# ......


You could see a komodo dragon and a basilisk.

Vanquished Creatures
  Harold (D:9)
  A hornet (D:8)
  Grinder (D:3)
  2 wyverns
  A basilisk (D:9)
  2 water moccasins
  A black bear (D:6)
  A necrophage (D:7)
  An orc warrior (D:9)
  An ice beast (D:6)
  A sky beast (D:6)
  3 ogres
  5 centaurs
  2 phantoms
  A kobold brigand (Sewer)
  2 bullfrogs
  5 scorpions
  2 wyvern zombies
  2 water moccasin skeletons
  10 killer bees
  A centaur zombie (D:8)
  A jelly (D:7)
  3 centaur skeletons
  3 hounds
  2 orc priests
  A bullfrog skeleton (D:6)
  Natasha (thrice) (D:3)
  An iguana (D:6)
  2 orc wizards (D:9)
  A killer bee zombie (D:7)
  A hound zombie (D:5)
  6 adders
  A howler monkey skeleton (D:6)
  5 river rats
  A shadow imp (D:8)
  A white imp (D:7)
  2 ufetubi
  A worm (D:4)
  4 dart slugs
  24 orcs
  4 ball pythons
  7 bats
  8 endoplasms
  3 giant cockroaches
  7 goblins
  5 hobgoblins
  4 jackals
  9 kobolds
  5 quokkas
  2 frilled lizards
  8 rats
  A spectral orc (D:4)
172 creatures vanquished.

Notes
Turn   | Place    | Note
-------+----------+-------------------------------------------
     0 | D:1      | dracfodder the Gargoyle Berserker began the quest for the
                  | Orb.
     0 | D:1      | Reached XP level 1. HP: 14/14 MP: 1/1
    94 | D:1      | Reached XP level 2. HP: 13/19 MP: 2/2
   433 | D:1      | Reached XP level 3. HP: 22/23 MP: 3/3
   595 | D:1      | Reached ** piety under Trog
  1010 | D:3      | Reached skill level 4 in Maces & Flails
  1010 | D:3      | Reached XP level 4. HP: 6/28 MP: 4/4
  1794 | D:3      | Found a glowing silver altar of Zin.
  1794 | D:3      | Noticed Natasha
  1802 | D:3      | Killed Natasha
  1803 | D:3      | Reached XP level 5. HP: 31/33 MP: 5/5
  1858 | D:3      | Found a burning altar of Makhleb.
  2143 | D:3      | Noticed Grinder
  2147 | D:3      | Paralysed by Grinder for 5 turns
  2160 | D:3      | Paralysed by Grinder for 6 turns
  2170 | D:3      | Killed Grinder
  2171 | D:3      | Reached skill level 5 in Maces & Flails
  2171 | D:3      | Reached XP level 6. HP: 38/38 MP: 2/6
  2257 | D:3      | Noticed Natasha
  2268 | D:3      | Killed Natasha
  2269 | D:3      | Reached skill level 6 in Maces & Flails
  2827 | D:3      | Noticed Natasha
  2837 | D:3      | Killed Natasha
  2838 | D:3      | Reached XP level 7. HP: 36/43 MP: 5/7
  2926 | D:5      | Entered Level 5 of the Dungeon
  2973 | D:5      | Found a staircase to the Ecumenical Temple.
  3286 | D:4      | Reached skill level 1 in Slings
  3485 | D:4      | Found a basalt altar of Yredelemnul.
  3639 | D:4      | Reached skill level 7 in Maces & Flails
  3929 | D:4      | Found a hide-covered altar of Uskayaw.
  4083 | D:5      | Reached XP level 8. HP: 48/48 MP: 8/8
  4088 | D:5      | Reached skill level 1 in Stealth
  4138 | Temple   | Entered the Ecumenical Temple
  4393 | D:5      | Found a bloodstained altar of Trog.
  4452 | D:5      | Reached skill level 8 in Maces & Flails
  4452 | D:5      | Reached skill level 1 in Shields
  4457 | D:5      | Reached *** piety under Trog
  4490 | D:5      | Found a sacrificial altar of Ru.
  4885 | D:6      | Found a glowing drain.
  4944 | Sewer    | Entered a sewer
  5050 | Sewer    | Reached skill level 9 in Maces & Flails
  5050 | Sewer    | Reached skill level 1 in Throwing
  5107 | Sewer    | Found a white marble altar of Elyvilon.
  5470 | D:6      | Reached XP level 9. HP: 34/53 MP: 6/9
  5642 | D:6      | Reached skill level 5 in Fighting
  6342 | D:7      | Reached skill level 10 in Maces & Flails
  6400 | D:7      | Reached skill level 5 in Armour
  6527 | D:7      | Found a shadowy altar of Dithmenos.
  6751 | D:7      | Found a radiant altar of Vehumet.
  7001 | D:7      | Gained mutation: Armour fits poorly on your strangely
                  | shaped body. [potion of mutation]
  7001 | D:7      | Gained mutation: You are weak. (Str -2) [potion of
                  | mutation]
  7001 | D:7      | Gained mutation: Your spells are a little harder to cast,
                  | but a little more powerful. [potion of mutation]
  7278 | D:7      | Reached **** piety under Trog
  7485 | D:8      | Noticed a hornet
  7496 | D:8      | Killed a hornet
  7497 | D:8      | Reached XP level 10. HP: 50/60 MP: 8/10
  7889 | D:8      | Found a stormy altar of Qazlal.
  8006 | D:8      | Lost mutation: You are weak. (Str -2) [potion of mutation]
  8006 | D:8      | Lost mutation: Your spells are a little harder to cast, but
                  | a little more powerful. [potion of mutation]
  8006 | D:8      | Gained mutation: You passively dampen the noise of your
                  | surroundings. [potion of mutation]
  8183 | D:9      | Lost mutation: Armour fits poorly on your strangely shaped
                  | body. [potion of mutation]
  8183 | D:9      | Gained mutation: You have sharp fingernails. [potion of
                  | mutation]
  8183 | D:9      | Gained mutation: You are partially covered in iridescent
                  | scales. (AC +2) [potion of mutation]
  8263 | D:10     | Entered Level 10 of the Dungeon
  8288 | D:9      | Noticed Harold
  8324 | D:9      | Killed Harold
  8325 | D:9      | Reached skill level 11 in Maces & Flails
  8723 | D:9      | Slain by a komodo dragon

Illustrated notes

Levels and vault maps discovered:
D:1:      lightli_arrival_flooded_house, layout_basic, minmay_pentomino_p2
D:2:      layout_rooms
D:3:      layout_loops_ring, bloody_makhleb, mainiacjoe_overflow_tiny_flanked,
          uniq_natasha, uniq_grinder
D:4:      layout_loops_cross, yredelemnul_forgotten_temple_becter,
          mainiacjoe_overflow_six_doors_small
D:5:      layout_loops_cross, mainiacjoe_overflow_chevrons,
          nicolae_ru_sacrificial_ziggurat, minmay_temple_entry_glass
D:6:      layout_gridville, portal_sewer_entry_a
D:7:      layout_rooms, nicolae_overflow_crystal_walls, fiery_altar_vehumet
D:8:      layout_rooms, nicolae_qazlal_eye_of_the_storm
D:9:      layout_roguey [special_room_bee], mainiacjoe_overflow_small_starburst,
          erik_lair_dragon, uniq_harold
D:10:     layout_rooms, fedhas_altar_1, nicolae_sif_muna_little_library,
          nicolae_elyvilon_peaceful_grove, nicolae_trove_entry_columns
Temple:   pf_slimified_temple

Skill      XL: |  1  2  3  4  5  6  7  8  9 10 |
---------------+-------------------------------+-----
Dodging        | 2 3 4 |  4.5
Maces & Flails | 4 5 6 7 9 10 11 | 11.5
Fighting       | 4 5 6 |  6.1
Armour         | 3 4 5 |  5.9
Slings         | 1 |  1.0
Stealth        | 1 |  1.7
Shields        | 2 3 4 |  4.1
Throwing       | 1 2 |  2.2
Evocations     | |  0.1

Action                   |  1- 3 |  4- 6 |  7- 9 | 10-12 || total
-------------------------+-------+-------+-------+-------++-------
Melee: Mace              |    92 |   105 |   447 |   139 ||   783
 Fire: Hunting sling     |       |     8 |       |       ||     8
Throw: Stone             |     4 |     1 |     4 |       ||     9
       Boomerang         |       |       |    30 |       ||    30
       Throwing net      |       |       |       |     6 ||     6
Invok: Berserk           |     1 |     2 |     8 |     1 ||    12
       Trog's Hand       |       |     1 |     1 |       ||     2
Evoke: Wand              |       |       |     3 |       ||     3
  Use: Scroll            |       |     5 |    14 |       ||    19
       Potion            |       |     2 |     3 |     2 ||     7
 Stab: Held in net/web   |       |       |       |     1 ||     1
Armor: Animal skin       |    28 |       |       |       ||    28
       Ring mail         |     3 |    45 |   172 |    36 ||   256
Dodge: Dodged            |    85 |    83 |   411 |    90 ||   669
Block: Buckler           |       |     9 |   151 |    39 ||   199

Table legend: (Time is in decaauts)
 A = Elapsed time spent in this place.
 B = Non-inter-level travel time spent in this place.
 C = Inter-level travel time spent in this place.
 D = Time resting spent in this place.
 E = Time spent auto-exploring this place.
 F = Levels seen in this place.
 G = Mean time per level.
                   A        B        C        D        E       F      G
               +--------+--------+--------+--------+--------+-----+--------+
         Total |   8939 |   8481 |    458 |   1505 |   4548 |  12 |  744.9 |
       Dungeon |   8538 |   8098 |    440 |   1505 |   4463 |  10 |  853.8 |
        Temple |    103 |     85 |     18 |      0 |     78 |   1 |  103.0 |
         Sewer |    297 |    297 |      0 |      0 |      7 |   1 |  297.0 |
               +--------+--------+--------+--------+--------+-----+--------+

Top non-repeatable levels by time:
     D:4: 1215 daAuts
     D:3: 1193 daAuts
     D:6: 1032 daAuts
     D:7: 963 daAuts
     D:2: 934 daAuts
     D:5: 928 daAuts
     D:8: 871 daAuts
     D:1: 814 daAuts
     D:9: 583 daAuts
   Sewer: 297 daAuts
  Temple: 103 daAuts
    D:10: 1 daAuts
